 Dungeon Crawl Stone Soup version 0.27-a0-909-g0721f309d1 (webtiles) character file.

Game seed: 4131754473444203461

332 voltaire321 the Skirmisher (level 6, 0/46 (49) HPs)
             Began as a Demonspawn Fighter on Apr 8, 2021.
             Slain by a wight
             ... wielding a +6 trident
              (15 damage)
             ... on level 4 of the Dungeon.
             The game lasted 00:10:50 (4872 turns).

voltaire321 the Skirmisher (Demonspawn Fighter)     Turns: 4872, Time: 00:10:51

HP:   0/46 (49)     AC: 14    Str: 18    XL:     6   Next: 26%
MP:   6/6           EV:  7    Int: 10    God:
Gold: 72            SH:  9    Dex: 12    Spells: 5/5 levels left

rFire    . . .     SeeInvis .   a - +0 trident
rCold    . . .     Faith    .   c - +0 kite shield
rNeg     . . .     Spirit   .   b - +0 scale mail
rPois    .         Reflect  .   o - +0 helmet
rElec    .         Harm     .   n - +0 cloak {Stlth+}
rCorr    .         Rampage  .   (no gloves)
Will     .....                  e - +1 pair of boots
Stlth    +.........             (no amulet)
HPRegen  0.15/turn              (no ring)
MPRegen  0.10/turn              (no ring)

@: drained
A: thin metallic scales 2, demonic guardian 1
a: no special abilities


You were on level 4 of the Dungeon.
You visited 1 branch of the dungeon, and saw 4 of its levels.

You collected 138 gold pieces.
You spent 66 gold pieces at shops.

Inventory:

Hand Weapons
 a - a +0 trident (weapon)
Missiles
 s - 4 boomerangs (quivered)
 u - 13 poisoned darts
Armour
 b - a +0 scale mail (worn)
 c - a +0 kite shield (worn)
 e - a +1 pair of boots (worn)
 n - a +0 cloak of stealth (worn)
 o - a +0 helmet (worn)
Scrolls
 f - 2 scrolls of teleportation
 j - a scroll of blinking {unknown}
 k - a scroll of acquirement {unknown}
 m - a scroll of fear
 q - a scroll of enchant armour {unknown}
 r - a scroll of identify
 v - a scroll of silence {unknown}
Potions
 d - a potion of might
 g - 2 potions of degeneration {unknown}
 h - 5 potions of curing
 i - 2 potions of resistance {unknown}
 l - 2 potions of cancellation
 p - a potion of berserk rage {unknown}
 t - a potion of flight {unknown}
 w - a potion of lignification


   Skills:
 + Level 4.3 Fighting
 + Level 3.3 Polearms
 + Level 3.9 Armour
 + Level 3.9 Shields


You had 5 spell levels left.
You didn't know any spells.
Your spell library was empty.

Dungeon Overview and Level Annotations

Branches:
Dungeon (4/15)
 Temple: D:4-7

Altars:
Dithmenos
Elyvilon
Makhleb
Qazlal

Shops:
D:3 !

Annotations:
D:4 1 transporter


Innate Abilities, Weirdness & Mutations

You are mostly covered in thin metallic scales. (AC +3)
A weak demonic guardian rushes to your aid.


Message History

The stone hits you but does no damage.
You hit the wight.
The wight is moderately damaged.
The wight hits you from afar with a +6 trident.
You feel drained.
A demonic guardian appears!
The wight hits you with a +3 short sword!
The kobold throws a stone.
The stone hits you but does no damage.
The wight hits you from afar with a +6 trident.
The wight hits you but does no damage. The kobold barely misses you.
Your white imp gestures at the kobold.
The puff of frost hits the kobold!
The kobold dies!
Your white imp gestures at the wight.
The puff of frost hits the wight.
The wight resists.
Throw: 5 boomerangs
Press: ? - help, Q - select action, (/) - cycle Shift-Dir - straight line, f - wight
Aim: a wight, wielding a +6 trident and wearing a +0 robe (lightly damaged, 59% to hit)
You throw a boomerang. The boomerang hits the wight.
The wight is lightly damaged.
Your white imp hits the wight but does no damage.
Reach: a) +0 trident
Press: ? - help, Dir - move target, f/p - wight
Aim: a wight, wielding a +6 trident and wearing a +0 robe (lightly damaged, about 41% to evade your +0 trident)
You reach to attack!
You closely miss the wight.
The wight is lightly damaged.
The wight hits you but does no damage.
Your white imp gestures at the wight.
The puff of frost hits the wight.
The wight resists.
The wight hits you from afar with a +6 trident.
You feel drained.
* * * LOW HITPOINT WARNING * * *
The wight hits your white imp with a +3 short sword!
Your white imp dies!
A wight comes into view. It is wielding a +0 scimitar.
Found 15 gold pieces.
Found an escape hatch in the floor.
You closely miss the wight.
The wight hits you from afar with a +6 trident!
You die...

....# #..## ... ##### ....
#.## #..## ...# ### .###.
$.# #©.. ...# #.. #####.
##. $###. .>.# ..## ....
## ...#.#.. ## ....$#.# #.
# ...###.#######. ##.
#####.# #..z........
#...###..@z.# #..).#######
#....z##### #..### ##8
#...#....######..######8..
.........##..........##...
....##......zzz......#_...
..............#......##!..
....##...##############8..
... #...# # #....#


You could see 2 wights.

Vanquished Creatures
  A water moccasin skeleton (D:4)
  A centaur zombie (D:4)
  A hound (D:4)
  An orc wizard (D:3)
  Robin (D:2)
  9 adders
  5 worms
  5 orcs (D:3)
  7 bats
  4 endoplasms
  7 giant cockroaches
  18 goblins
  7 hobgoblins
  7 ball pythons
  4 frilled lizards
  3 kobolds
  6 rats
87 creatures vanquished.

Vanquished Creatures (collateral kills)
  A kobold (D:4)
1 creature vanquished.

Vanquished Creatures (others)
  A plant (D:1)
1 creature vanquished.

Grand Total: 89 creatures vanquished

Notes
Turn   | Place    | Note
-------+----------+-------------------------------------------
     0 | D:1      | voltaire321 the Demonspawn Fighter began the quest for the
                  | Orb.
     0 | D:1      | Reached XP level 1. HP: 18/18 MP: 1/1
   353 | D:1      | Gained mutation: You are partially covered in thin metallic
                  | scales. (AC +2) [demonic ancestry]
   353 | D:1      | Reached XP level 2. HP: 24/24 MP: 2/2
   799 | D:1      | Found a faded altar of an unknown god.
  1006 | D:2      | Gained mutation: You are mostly covered in thin metallic
                  | scales. (AC +3) [demonic ancestry]
  1006 | D:2      | Reached XP level 3. HP: 5/29 MP: 3/3
  1664 | D:2      | Noticed Robin
  2179 | D:2      | Killed Robin
  2180 | D:2      | Reached XP level 4. HP: 23/36 MP: 4/4
  3431 | D:3      | Found a stormy altar of Qazlal.
  3605 | D:3      | Gained mutation: A weak demonic guardian rushes to your
                  | aid. [demonic ancestry]
  3605 | D:3      | Reached XP level 5. HP: 42/42 MP: 5/5
  4020 | D:3      | Reached skill level 4 in Fighting
  4491 | D:3      | Found Cyre's Distillery.
  4494 | D:3      | Bought a potion of curing for 33 gold pieces
  4494 | D:3      | Bought a potion of lignification for 33 gold pieces
  4640 | D:4      | Noticed a small abomination
  4654 | D:4      | Found a transporter.
  4679 | D:4      | Found a burning altar of Makhleb.
  4693 | D:4      | Reached XP level 6. HP: 39/48 MP: 6/6
  4837 | D:4      | Found a shadowy altar of Dithmenos.
  4872 | D:4      | Slain by a wight

Illustrated notes

Levels and vault maps discovered:
D:1:      lightli_arrival_statue_moat, layout_rooms, basic_ecumenical_altar,
          grunt_decor_fettered, serial_bayou_lagoon_a,
          chequers_serial_rivers_room_b
D:2:      minmay_angry_zag, layout_basic, kennysheep_another_room, st_stairs_14,
          uniq_robin
D:3:      layout_loops_corners, old_standard_altar, serial_shops,
          nicolae_shop_behind_doors
D:4:      layout_rooms, makhleb_heckhound_becter,
          nicolae_overflow_hidden_temple, gammafunk_ghost_abyssal_escape

Skill      XL: |  1  2  3  4  5 |
---------------+----------------+-----
Polearms       | 2 3 |  3.3
Armour         | 3 |  3.9
Shields        | 3 |  3.9
Fighting       | 4 |  4.3

Action                   |  1- 3 |  4- 6 || total
-------------------------+-------+-------++-------
Melee: Trident           |   139 |   229 ||   368
Throw: Boomerang         |       |     1 ||     1
  Use: Scroll            |       |     3 ||     3
 Stab: Sleeping          |       |     1 ||     1
Armor: Scale mail        |    97 |   158 ||   255
Dodge: Dodged            |    44 |    61 ||   105
Block: Kite shield       |    86 |    98 ||   184

Table legend: (Time is in decaauts)
 A = Elapsed time spent in this place.
 B = Non-inter-level travel time spent in this place.
 C = Inter-level travel time spent in this place.
 D = Time resting spent in this place.
 E = Time spent auto-exploring this place.
 F = Levels seen in this place.
 G = Mean time per level.
                   A        B        C        D        E       F      G
               +--------+--------+--------+--------+--------+-----+--------+
         Total |   5036 |   4931 |    105 |   1135 |   2800 |   4 | 1259.0 |
       Dungeon |   5036 |   4931 |    105 |   1135 |   2800 |   4 | 1259.0 |
               +--------+--------+--------+--------+--------+-----+--------+

Top non-repeatable levels by time:
     D:2: 2023 daAuts
     D:1: 1471 daAuts
     D:3: 1269 daAuts
     D:4: 272 daAuts
